 Dungeon Crawl Stone Soup version 0.30-b1-2-g02819fbbbe (webtiles) character file.

Game seed: 5720524213893596195

71 Alarkh the Shooter (level 4, 32/32 HPs)
             Began as a Demonspawn Hexslinger on July 7, 2023.
             Got out of the dungeon alive.
             The game lasted 00:03:44 (2021 turns).

Alarkh the Shooter (Demonspawn Hexslinger)          Turns: 2021, Time: 00:03:44

Health: 32/32      AC:  2    Str: 10    XL:     4   Next: 5%
Magic:  5/5        EV: 11    Int: 17    God:
Gold:   81         SH:  3    Dex: 13    Spells: 4/5 levels left

rFire   . . .        a - +1 sling
rCold   . . .        d - +0 buckler
rNeg    . . .        c - +0 robe
rPois   .            (no helmet)
rElec   .            (no cloak)
rCorr   .            (no gloves)
SInv    .            (no boots)
Will    .....        (no amulet)
Stlth   +            (no ring)
HPRegen 0.25/turn    (no ring)
MPRegen 0.09/turn

%: no passive effects
@: no status effects
A: foul stench 1, powered by pain 1
a: no special abilities


You escaped.
You visited 1 branch of the dungeon, and saw 3 of its levels.

You collected 81 gold pieces.

Inventory:

Hand Weapons
 a - a +1 sling (weapon)
 b - a +4 dagger
Armour
 c - a +0 robe (worn)
 d - a +0 buckler (worn)
Scrolls
 e - a scroll of poison
 m - a scroll of teleportation {unknown}
 n - a scroll of brand weapon {unknown}
 o - a scroll of enchant weapon {unknown}
Potions
 f - a potion of flight
 g - a potion of curing
 i - a potion of brilliance
 k - a potion of invisibility
 l - a potion of heal wounds


   Skills:
 - Level 1.0 Fighting
 + Level 4.0 Ranged Weapons
 - Level 1.7 Dodging
 - Level 1.0 Spellcasting
 - Level 3.0 Hexes


You had 4 spell levels left.
You knew the following spells:

 Your Spells              Type           Power      Damage    Failure   Level
a - Slow                  Hex            44%        N/A       10%         1

Your spell library contained the following spells:

 Spells                   Type           Power      Damage    Failure   Level
 Sting                    Tmut/Pois      0%         1d3       32%         1
 Blink                    Tloc           0%         N/A       43%         2
 Lesser Beckoning         Tloc           0%         N/A       43%         2
 Momentum Strike          Conj/Tloc      0%         3d8       43%         2
 Poisonous Vapours        Pois/Air       0%         N/A       43%         2
 Inner Flame              Hex/Fire       5%         N/A       45%         3
 Portal Projectile        Hex/Tloc       10%        N/A       45%         3
 Cause Fear               Hex            5%         N/A       67%         4
 Olgreb's Toxic Radiance  Pois           0%         N/A       97%         4


Dungeon Overview and Level Annotations

Branches:
Dungeon (3/15)

Altars:

Annotations:
D:3 Sigmund


Innate Abilities, Weirdness & Mutations

You may rarely emit foul miasma when damaged in melee.
You sometimes gain a little power by taking damage.


Message History

The sling bullet hits the endoplasm.
The endoplasm is moderately wounded.
The jackal bites you. x2
You shoot a sling bullet.
The sling bullet barely misses the jackal.
The sling bullet hits the endoplasm.
You kill the endoplasm!
The jackal misses you. The jackal completely misses you.
Your Ranged Weapons skill increases to level 4!
You shoot a sling bullet. The sling bullet hits the jackal.
The jackal is almost dead.
The jackal barely misses you.
You shoot a sling bullet.
The sling bullet barely misses the jackal.
The sling bullet hits the rat.
You kill the rat!
The jackal barely misses you. The jackal closely misses you.
You shoot a sling bullet.
The sling bullet closely misses the jackal.
The jackal bites you. The jackal closely misses you.
You shoot a sling bullet. The sling bullet hits the jackal.
You kill the jackal!
(D) Dungeon
Where to? (Enter - D:3 @ (x,y), ? - help)
Okay, then.
(D) Dungeon
Where to? (Enter - D:3 @ (x,y), ? - help)
What level of the Dungeon? (default 1, ? - help)
You hear the slow rusting of a distant drain.
There is a stone staircase leading up here.
You climb upwards.
There is a stone staircase leading down here.
HP restored.
There is a stone staircase leading up here.
You climb upwards.
There is a stone staircase leading down here.
There is a fountain of clear blue water here.
There is a staircase leading out of the dungeon here.
Are you sure you want to leave the Dungeon?
This will make you lose the game!
You have escaped!

#.# #..###.##.# #.#####..#
#....### #.#....#.###.##...#
#.#.#.............#####
#.#...................#
#[#..######.####.####.#
###.#..#####...##### #.#
#...#####.........#####.##
#.####.......@.......#...##
#.#######.........####....##
#.#....#####...#### ##.....##
#......# ##.###.###.......##
#......######.###.##.........#
#..............##............#
#.....########.##.##..........
#.....# #.##.###.......##
###.#.## #.##.# ##......##


There were no monsters in sight!

Vanquished Creatures
  A worm (D:2)
  3 dart slugs (D:1)
  3 orcs (D:3)
  A bat (D:1)
  7 endoplasms
  2 giant cockroaches
  8 goblins
  8 hobgoblins
  A jackal (D:3)
  3 quokkas
  6 ball pythons
  3 frilled lizards
  A kobold (D:2)
  3 rats
50 creatures vanquished.

Vanquished Creatures (others)
  17 plants (D:2)
17 creatures vanquished.

Grand Total: 67 creatures vanquished

Notes
Turn   | Place    | Note
-------+----------+-------------------------------------------
     0 | D:1      | Alarkh the Demonspawn Hexslinger began the quest for the
                  | Orb.
     0 | D:1      | Reached XP level 1. HP: 15/15 MP: 2/2
    55 | D:1      | Found a faded altar of an unknown god.
    61 | D:1      | Reached skill level 2 in Ranged Weapons
   101 | D:1      | Gained mutation: You sometimes gain a little power by
                  | taking damage. [demonic ancestry]
   101 | D:1      | Reached XP level 2. HP: 21/21 MP: 3/3
   313 | D:1      | Reached skill level 3 in Ranged Weapons
   451 | D:1      | Reached XP level 3. HP: 26/26 MP: 4/4
   926 | D:2      | Identified the +1 leather armour of Tiymp {Regen+ rCorr
                  | Slay+3}
  1840 | D:3      | Noticed Sigmund
  1920 | D:3      | Gained mutation: You may rarely emit foul miasma when
                  | damaged in melee. [demonic ancestry]
  1920 | D:3      | Reached XP level 4. HP: 29/32 MP: 5/5
  1924 | D:3      | Reached skill level 4 in Ranged Weapons
  2021 | D:$      | Got out of the dungeon alive.

Illustrated notes

Levels and vault maps discovered:
D:1:      dpeg_arrival_rhombus, layout_loops_ring,
          shapermc_ecumenical_altar_totnotflames
D:2:      layout_loops_ring, serial_bayou, serial_bayou_pond_c,
          serial_bayou_ford_a, serial_bayou_lake_a, serial_bayou_crossing,
          hangedman_feature_mirror
D:3:      layout_loops_ring, general_overflow_altar, portal_sewer_entry_f,
          uniq_sigmund, uniq_terence, uniq_natasha

Skill      XL: |  1  2  3  4 |
---------------+-------------+-----
Ranged Weapons | 2 3 4 |  4.0
Fighting       | |  1.0
Dodging        | |  1.7
Spellcasting   | |  1.0
Hexes          | |  3.0

Action                     |  1- 3 |  4- 6 || total
---------------------------+-------+-------++-------
  Melee: Dagger            |    19 |       ||    19
   Fire: Sling             |   146 |     6 ||   152
    Use: Scroll            |     4 |       ||     4
         Potion            |     2 |       ||     2
 Armour: Robe              |    13 |       ||    13
  Dodge: Dodged            |    78 |     6 ||    84
  Block: Buckler           |    17 |     1 ||    18
